 Dungeon Crawl Stone Soup version 0.27-a0-1359-ga2a4dfd6fd (webtiles) character file.

Game seed: 6098385376514053603

3637 Tocho the Cleaver (level 10, -3/129 HPs)
             Began as a Hill Orc Fighter on June 28, 2021.
             Was a Priest of Beogh.
             Slain by an orc warlord (24 damage)
             ... in a bailey.
             The game lasted 00:13:02 (7572 turns).

Tocho the Cleaver (Hill Orc Fighter)                Turns: 7572, Time: 00:13:03

Health: -3/129     AC: 29    Str: 26      XL:     10   Next: 11%
Magic:  10/10      EV:  2    Int:  5 (8)  God:    Beogh [***...]
Gold:   272        SH: 18    Dex: 10      Spells: 9/9 levels left

rFire    + . .     SeeInvis .   a - +0 war axe
rCold    . . .     Faith    .   c - +1 kite shield
rNeg     + + +     Spirit   .   (armour currently unavailable)
rPois    +         Reflect  +   (helmet currently unavailable)
rElec    .         Harm     .   (cloak currently unavailable)
rCorr    .         Rampage  .   (gloves currently unavailable)
Will     .....     NoTele   +   (boots currently unavailable)
Stlth    +.........             l - amulet of reflection
HPRegen  0.31/turn              p - +4 ring of protection
MPRegen  0.12/turn              M - ring "Otasypt" {rF+ Str+3}

@: brilliant, tree-form, studying Earth Magic
A: stationary, stasis, torment immunity, boosted hp
a: Renounce Religion, Smiting


You were in a bailey.
You worshipped Beogh.
Beogh was most pleased with you.
You were a tree.
You visited 1 branch of the dungeon, and saw 7 of its levels.
You also visited: Ossuary and Bailey.

You collected 272 gold pieces.

Inventory:

Hand Weapons
 a - a +0 war axe (weapon)
Missiles
 t - a throwing net (quivered)
 C - a curare-tipped dart
Armour
 b - a +0 scale mail
 c - a +1 kite shield (worn)
 f - a +0 cloak (melded)
 q - a +0 helmet (melded)
 s - a +0 pair of boots (melded)
 u - a +5 plate armour of fire resistance (melded)
 N - a +1 pair of gloves (melded)
Jewellery
 g - a ring of ice
 i - a ring of positive energy
 k - a ring of protection from fire
 l - an amulet of reflection (around neck)
 p - a +4 ring of protection (left branch)
 v - a +4 ring of protection
 y - a ring of flight
 E - a +4 ring of evasion
 M - the ring "Otasypt" (right branch) {rF+ Str+3}
   (You found it on level 6 of the Dungeon)

   [ring of protection from fire]

   Str:       It affects your strength (+3).
   rF:        It protects you from fire.
Wands
 K - a wand of mindburst (9)
Scrolls
 e - 6 scrolls of teleportation
 j - 2 scrolls of enchant weapon {unknown}
 o - 2 scrolls of magic mapping
 r - 3 scrolls of identify
 w - a scroll of blinking
 B - 2 scrolls of fear {unknown}
 D - 4 scrolls of noise
 H - a scroll of summoning {unknown}
 I - a scroll of immolation {unknown}
 O - a scroll of enchant armour
Potions
 d - 3 potions of might
 h - 3 potions of attraction
 m - 2 potions of flight
 n - a potion of degeneration
 x - a potion of haste {unknown}
 z - a potion of magic
 A - a potion of brilliance
 F - a potion of curing {unknown}
 G - 2 potions of resistance {unknown}


   Skills:
 + Level 7.5 Fighting
 + Level 11.9 Axes
 + Level 5.6 Armour
 + Level 1.9 Dodging
 + Level 0.5 Stealth
 + Level 9.3 Shields
 + Level 0.2 Invocations


You had 9 spell levels left.
You didn't know any spells.
Your spell library contained the following spells:

 Spells                   Type           Power      Damage    Failure   Level
 Summon Small Mammal      Summ           0%         N/A       73%         1
 Call Imp                 Summ           0%         N/A       86%         2
 Call Canine Familiar     Summ           0%         N/A       97%         3
 Summon Guardian Golem    Hex/Summ       0%         N/A       97%         3
 Summon Ice Beast         Ice/Summ       0%         N/A       100%        4
 Summon Lightning Spire   Summ/Air       0%         N/A       100%        4


Dungeon Overview and Level Annotations

Branches:
Dungeon (7/15)            Ossuary (visited)          Bailey (1/1)
 Temple: D:4-7

Altars:


Message History

You are too injured to fight recklessly!
You are too injured to fight recklessly!
You are too injured to fight recklessly!
You are too injured to fight recklessly!
Unknown command.
You slash the orc knight!
The orc knight is heavily wounded.
You hit the orc knight but do no damage.
The orc knight is heavily wounded.
You closely miss the orc warlord. You block the orc knight's attack.
The orc warlord unwields a +0 arbalest.
The orc warlord wields a +3 great mace.
You block the orc warlord's attack.
You closely miss the orc knight.
The orc knight is heavily wounded.
You hit the orc warlord but do no damage.
The orc knight hits you but does no damage.
You block the orc warlord's attack.
You closely miss the orc knight.
The orc knight is heavily wounded.
You slash the orc warlord! You block the orc knight's attack.
The orc warlord hits you with a +3 great mace!
* * * LOW HITPOINT WARNING * * *
You barely miss the orc knight.
The orc knight is heavily wounded.
You hit the orc warlord.
The orc knight hits you with a +0 war axe.
* * * LOW HITPOINT WARNING * * *
The orc warlord completely misses you.
Okay, then.
You cannot blink because you are held in place by your roots.
You barely miss the orc knight.
The orc knight is heavily wounded.
You hit the orc warlord. You block the orc knight's attack.
The orc warlord hits you but does no damage.
You slash the orc knight!
The orc knight is heavily wounded.
You hit the orc warlord. You block the orc knight's attack.
The orc warlord hits you with a +3 great mace!!
You die...
Beogh appreciates the orc warlord's killing of a heretic priest.

### ## ###.### ###.###
###.....### ###.....###
##.........###.........##
#...........#...........#
#...........oo))........#
#.....⌠.....#♣....⌠.....#
#...........#...........#
#....o......#........)).#
###.........###.......))###
###.#'#.....###.###.....#)#.###
#...))###.###...
###.###.....### ....)...###
)... ###....)....# ........8#
).... #.....).....
.......o8#...... #.....))....


You could see an orc warlord and an orc knight (strong).

Vanquished Creatures
  2 water moccasins
  A hornet zombie (D:6)
  2 ice beasts
  A black bear (D:6)
  6 orc warriors (Bailey)
  2 ogres (D:5)
  A necrophage (D:6)
  A centaur (D:5)
  A kobold brigand (D:5)
  A bullfrog (D:6)
  A wyvern zombie (D:7)
  9 scorpions
  A water moccasin zombie (D:6)
  A water moccasin skeleton (D:5)
  A howler monkey (D:5)
  4 centaur zombies (Ossuary)
  An orc priest (D:7)
  A human zombie (Ossuary)
  4 jellies
  3 hounds
  5 scorpion zombies (Ossuary)
  An iguana (D:6)
  2 orc wizards
  A hound zombie (D:5)
  3 mummies (Ossuary)
  A howler monkey zombie (D:6)
  24 gnolls
  A howler monkey skeleton (D:5)
  9 adders
  A shadow imp (D:3)
  An ufetubus (D:5)
  22 orcs
  8 ball pythons
  A bat (D:1)
  6 endoplasms
  2 giant cockroaches (D:3)
  A gnoll zombie (Ossuary)
  25 goblins
  14 hobgoblins
  20 jackals
  2 quokkas
  A frilled lizard (D:1)
  3 goblin zombies (Ossuary)
  3 hobgoblin zombies (Ossuary)
  5 kobolds
  4 kobold zombies (Ossuary)
  2 orc zombies (Ossuary)
  8 rats
220 creatures vanquished.

Vanquished Creatures (collateral kills)
  2 orc warriors (Bailey)
  A gnoll (Bailey)
  4 goblins (Bailey)
7 creatures vanquished.

Vanquished Creatures (others)
  An orc knight (Bailey)
  2 orc warriors (Bailey)
  A hound (D:4)
  2 orc priests
  2 orc wizards (D:4)
  8 orcs (Bailey)
  A plant (D:3)
17 creatures vanquished.

Grand Total: 244 creatures vanquished

Notes
Turn   | Place    | Note
-------+----------+-------------------------------------------
     0 | D:1      | Tocho the Hill Orc Fighter began the quest for the Orb.
     0 | D:1      | Reached XP level 1. HP: 19/19 MP: 1/1
    33 | D:1      | Reached XP level 2. HP: 10/27 MP: 2/2
   545 | D:1      | Found a faded altar of an unknown god.
   563 | D:1      | Reached skill level 3 in Axes
   574 | D:1      | Reached XP level 3. HP: 33/33 MP: 3/3
  1269 | D:1      | Reached XP level 4. HP: 27/40 MP: 4/4
  2680 | D:3      | Reached skill level 4 in Axes
  2680 | D:3      | Reached XP level 5. HP: 28/46 MP: 5/5
  3277 | D:3      | Reached skill level 1 in Dodging
  3542 | D:4      | Became a worshipper of Beogh the Brigand
  3591 | D:4      | Reached XP level 6. HP: 25/51 MP: 6/6
  4039 | D:4      | Reached skill level 5 in Axes
  4413 | D:4      | Noticed a water moccasin
  4454 | D:4      | Killed a water moccasin
  4455 | D:4      | Reached skill level 5 in Fighting
  4455 | D:4      | Reached skill level 6 in Axes
  4455 | D:4      | Reached skill level 5 in Shields
  4455 | D:4      | Reached XP level 7. HP: 30/61 MP: 7/7
  4717 | D:5      | Entered Level 5 of the Dungeon
  4840 | D:5      | Reached * piety under Beogh
  4982 | D:5      | Found a sand-covered staircase.
  5062 | Ossuary  | Entered an ossuary
  5084 | Ossuary  | Reached skill level 7 in Axes
  5106 | Ossuary  | Reached XP level 8. HP: 65/68 MP: 8/8
  5193 | Ossuary  | Reached skill level 8 in Axes
  5283 | Ossuary  | Reached ** piety under Beogh
  5370 | Ossuary  | Reached skill level 9 in Axes
  5730 | D:5      | Reached skill level 5 in Armour
  5754 | D:5      | Reached XP level 9. HP: 50/75 MP: 9/9
  6288 | D:6      | Reached skill level 10 in Axes
  6376 | D:6      | Identified the ring "Otasypt" {rF+ Str+3}
  6536 | D:6      | Identified the +1 robe of the Pure Portals {rElec Str+4}
  7101 | D:7      | Reached skill level 11 in Axes
  7215 | D:7      | Found a flagged portal.
  7241 | Bailey   | Entered a bailey
  7329 | Bailey   | Reached *** piety under Beogh
  7381 | Bailey   | Reached XP level 10. HP: 79/86 MP: 10/10
  7441 | Bailey   | Gained Ogrik as an ally
  7445 | Bailey   | Your ally Ogrik died
  7516 | Bailey   | Noticed an orc knight
  7516 | Bailey   | Noticed an orc warlord
  7516 | Bailey   | Noticed an orc knight
  7572 | Bailey   | Slain by an orc warlord

Illustrated notes

Levels and vault maps discovered:
D:1:      dpeg_arrival_pits, layout_basic, hellmonk_ecumenical_altar_crossroads
D:2:      layout_basic
D:3:      layout_basic, corexii_shack, due_unseen_surprise
D:4:      layout_loops_ring
D:5:      layout_rooms, enter_ossuary_1, minmay_manual_mullet
D:6:      layout_gridville, kennysheep_opposing_triangles
D:7:      layout_loops_ring, grunt_dithmenos_smoke_and_mirrors,
          lemuel_temple_firewalk_b, enter_bailey_5, uniq_pikel
Bailey:   bailey_axe_minmay_hex_keep, bailey

Skill      XL: |  1  2  3  4  5  6  7  8  9 |
---------------+----------------------------+-----
Axes           | 3 4 6 7 9 11 | 11.9
Fighting       | 4 5 6 7 |  7.5
Armour         | 4 5 |  5.6
Shields        | 4 5 7 9 |  9.3
Dodging        | 1 |  1.9
Stealth        | |  0.5
Invocations    | |  0.2

Action                   |  1- 3 |  4- 6 |  7- 9 | 10-12 || total
-------------------------+-------+-------+-------+-------++-------
Melee: War axe           |   104 |   207 |   454 |    58 ||   823
Invok: Convert to Beogh  |       |     1 |       |       ||     1
       Smiting           |       |       |     1 |       ||     1
  Use: Scroll            |       |     7 |     5 |       ||    12
       Potion            |       |       |     4 |     4 ||     8
Armor: Scale mail        |    89 |    69 |    14 |       ||   172
       Plate armour      |       |       |   271 |    16 ||   287
       Skin              |       |       |       |     3 ||     3
Dodge: Dodged            |    50 |    49 |    82 |     3 ||   184
Block: Kite shield       |    82 |   161 |   493 |    39 ||   775
       Reflection        |       |     1 |     9 |     2 ||    12

Table legend: (Time is in decaauts)
 A = Elapsed time spent in this place.
 B = Non-inter-level travel time spent in this place.
 C = Inter-level travel time spent in this place.
 D = Time resting spent in this place.
 E = Time spent auto-exploring this place.
 F = Levels seen in this place.
 G = Mean time per level.
                   A        B        C        D        E       F      G
               +--------+--------+--------+--------+--------+-----+--------+
         Total |   7857 |   7733 |    124 |      0 |   5838 |   9 |  873.0 |
       Dungeon |   7012 |   6888 |    124 |      0 |   5544 |   7 | 1001.7 |
       Ossuary |    509 |    509 |      0 |      0 |    168 |   1 |  509.0 |
        Bailey |    335 |    335 |      0 |      0 |    126 |   1 |  335.0 |
               +--------+--------+--------+--------+--------+-----+--------+

Top non-repeatable levels by time:
     D:1: 1633 daAuts
     D:4: 1239 daAuts
     D:2: 1046 daAuts
     D:3: 960 daAuts
     D:6: 914 daAuts
     D:5: 830 daAuts
 Ossuary: 509 daAuts
     D:7: 387 daAuts
  Bailey: 335 daAuts
